 Dungeon Crawl Stone Soup version 0.19.0-9-gfd783f2 (webtiles) character file.

39 HungrySpirit the Ducker (level 3, 0/17 HPs)
             Began as a Felid Abyssal Knight on Nov 7, 2016.
             Was a Follower of Lugonu.
             Slain by a hobgoblin
             ... wielding a +0 club
              (5 damage)
             ... on level 2 of the Dungeon.
             The game lasted 00:02:14 (1034 turns).

HungrySpirit the Ducker (Felid Abyssal Knight)      Turns: 1034, Time: 00:02:15

Health: 0/17       AC:  1    Str:  8    XL:     3   Next: 26%
Magic:  5/5        EV: 19    Int: 13    God:    Lugonu [*.....]
Gold:   89         SH:  0    Dex: 16    Spells: 0 memorised, 2 levels left
                                        Lives:  0   Deaths: 0

rFire  . . .     SeeInvis +       - Unarmed
rCold  . . .     Gourm    .     (armour unavailable)
rNeg   . . .     Faith    .     (shield unavailable)
rPois  .         Spirit   .     (helmet unavailable)
rElec  .         Reflect  .     (cloak unavailable)
rCorr  .         Harm     .     (gloves unavailable)
MR     .....                    (boots unavailable)
Stlth  +++.......               (no amulet)
                                (no ring)
                                (no ring)

@: quick
A: no armour, no weapons or thrown items, stealth, claws 1, fangs 3, see
invisible, carnivore 3, speed 1, shaggy fur 1, slow metabolism 1, sharp paws
a: Depart the Abyss, Renounce Religion


You were on level 2 of the Dungeon.
You worshipped Lugonu.
Lugonu was aware of your devotion.
You were very full.

You visited 1 branch of the dungeon, and saw 2 of its levels.
You visited the Abyss 1 time.

You collected 89 gold pieces.

Inventory:

Scrolls
 b - a scroll of enchant weapon {unknown}
 c - a scroll of immolation {unknown}
 d - a scroll of fog {unknown}
 e - 2 scrolls of fear {unknown}
 g - 2 scrolls of amnesia {unknown}
 j - a scroll of magic mapping {unknown}
 k - a scroll of blinking {unknown}
 l - a scroll of identify {unknown}
Potions
 h - a potion of lignification {unknown}
 i - a potion of ambrosia {unknown}
Comestibles
 a - a meat ration
 f - a beef jerky


   Skills:
 - Level 3.0 Fighting
 + Level 3.7 Dodging
 + Level 2.4 Stealth
 * Level 2.8 Unarmed Combat
 - Level 1.7 Invocations


You had 2 spell levels left.
You didn't know any spells.

Dungeon Overview and Level Annotations

Branches:
Dungeon (2/15)

Altars:


Innate Abilities, Weirdness & Mutations

You cannot wear armour.
You are incapable of wielding weapons or throwing items.
Your paws allow you to move quietly. (Stealth)
You have sharp claws.
You have razor-sharp teeth.
You have supernaturally acute eyesight. (SInv)
You are carnivorous and can eat meat at any time.
You cover ground quickly.
You are covered in fur. (AC +1)
You have a slow metabolism.
Your sharp claws are effective at attacking unaware monsters.


Message History

* * * LOW HITPOINT WARNING * * *
You are too injured to fight recklessly!
Found 7 gold pieces.
A kobold comes into view.
The hobgoblin closely misses you.
You scratch the quokka.
You kill the quokka!
Lugonu accepts your kill.
You swing at nothing.
A hobgoblin comes into view. It is wielding a club.
The hobgoblin shouts!
You hear a shout!
You scratch the hobgoblin.
You bite the hobgoblin, but do no damage.
The hobgoblin is heavily wounded.
The hobgoblin closely misses you.
A kobold comes into view.
You closely miss the hobgoblin.
The hobgoblin is heavily wounded.
The hobgoblin hits you with a club.
You die...

## #####.... #.gK..... ## #
#@# .####.. ###.# .....
######...# ##...
#######..g...### ##..# >.
#.......#############..###...<
#....†...#####................
########.##....#####...#####..
#.g#.########...# #
##..)..>..##...#########


You could see a hobgoblin and a kobold.

Vanquished Creatures
  An adder (D:2)
  A dart slug (D:1)
  A leopard gecko (D:2)
  3 goblins
  2 hobgoblins (D:1)
  4 jackals (D:1)
  A quokka (D:2)
  5 bats
  4 kobolds
  4 rats
26 creatures vanquished.

Notes
Turn   | Place    | Note
-------+----------+-------------------------------------------
     0 | Abyss:1  | HungrySpirit the Felid Abyssal Knight began the quest for the Orb.
     0 | Abyss:1  | Reached XP level 1. HP: 10/10 MP: 3/3
    47 | Abyss:1  | Noticed a large abomination
    48 | Abyss:1  | Noticed an orange demon
    50 | D:1      | Escaped the Abyss
    83 | D:1      | Reached skill level 1 in Stealth
   235 | D:1      | Reached XP level 2. HP: 14/14 MP: 4/4
   313 | D:1      | Reached * piety under Lugonu
   996 | D:2      | Reached XP level 3. HP: 14/17 MP: 5/5
  1034 | D:2      | Slain by a hobgoblin

Skill      XL: |  1  2 |
---------------+-------+-----
Stealth        | 1 2 |  2.4
Fighting       | |  3.0
Dodging        | |  3.7
Unarmed Combat | |  2.8
Invocations    | |  1.7

Action                   || total
-------------------------++-------
Melee: Unarmed           ||    65
       Bite              ||     7
       Punch             ||     1
Invok: Depart the Abyss  ||     1
 Stab: Sleeping          ||     7
  Eat: Chunk             ||     6
Armor: Skin              ||     2
Dodge: Dodged            ||    44
